 Dungeon Crawl Stone Soup version 0.27-a0-797-g27d10ad80f (webtiles) character file.

Game seed: 17116174319600360505

150 inqbanana the Chopper (level 5, -2/46 HPs)
             Began as a Hill Orc Fighter on Mar 27, 2021.
             Was a Follower of Beogh.
             Slain by a gnoll
             ... wielding a +0 halberd
              (12 damage)
             ... on level 4 of the Dungeon.
             The game lasted 00:03:55 (3433 turns).

inqbanana the Chopper (Hill Orc Fighter)            Turns: 3433, Time: 00:03:56

Health: -2/46      AC:  7    Str: 17 (19) XL:     5   Next: 32%
Magic:  6/6        EV:  7    Int:  7 (8)  God:    Beogh [*.....]
Gold:   116        SH:  8    Dex:  8 (11) Spells: 4/4 levels left

rFire    . . .     SeeInvis .   q - +1 hand axe (vorpal)
rCold    . . .     Faith    .   c - +0 kite shield
rNeg     . . .     Spirit   .   b - +0 scale mail
rPois    .         Reflect  .   (no helmet)
rElec    .         Harm     .   (no cloak)
rCorr    .         Rampage  .   (no gloves)
Will     .....                  (no boots)
Stlth    ..........             (no amulet)
HPRegen  0.15/turn              (no ring)
MPRegen  0.10/turn              (no ring)

@: mighty
A: no striking features
a: Renounce Religion


You were on level 4 of the Dungeon.
You worshipped Beogh.
Beogh was aware of your devotion.
You visited 1 branch of the dungeon, and saw 4 of its levels.

You collected 116 gold pieces.

Inventory:

Hand Weapons
 a - a +0 war axe
 q - a +1 vorpal hand axe (weapon)
Armour
 b - a +0 scale mail (worn)
 c - a +0 kite shield (worn)
Scrolls
 g - a scroll of acquirement {unknown}
 h - a scroll of teleportation
 n - 2 scrolls of identify
 o - 2 scrolls of enchant weapon
Potions
 e - 2 potions of flight
 f - a potion of cancellation
 i - a potion of curing
 m - 2 potions of lignification
 p - a potion of brilliance


   Skills:
 + Level 4.2 Fighting
 * Level 4.5 Axes
 + Level 3.9 Armour
 + Level 1.2 Dodging
 + Level 3.9 Shields
 * Level 1.5 Invocations


You had 4 spell levels left.
You didn't know any spells.
Your spell library contained the following spells:

 Spells                   Type           Power      Damage    Failure   Level
 Animate Skeleton         Necr           0%         N/A       99%         1
 Apportation              Tloc           0%         N/A       99%         1
 Corona                   Hex            0%         N/A       99%         1
 Summon Small Mammal      Summ           0%         N/A       99%         1


Dungeon Overview and Level Annotations

Branches:
Dungeon (4/15)
 Temple: D:4-7

Altars:
Ru


Message History

Beogh accepts your kill.
No target in view!
There is an open door here.
You open the door.
There is an open door here.
A gnoll and a gnoll shaman come into view.
The gnoll shouts!
You hear a shout!
A gnoll comes into view. It is wielding a +0 halberd.
There are monsters nearby!
There are monsters nearby!
The gnoll shouts!
You hear a shout!
A gnoll comes into view. It is wielding a +0 whip.
A gnoll comes into view. It is wielding a +0 halberd.
The gnoll shaman calls upon its god to speed up the gnoll.
The gnoll seems to speed up.
The gnoll hits you with a +0 club.
You feel very mighty all of a sudden. You block the gnoll's attack.
The gnoll hits you from afar with a +0 halberd.
The gnoll hits you with a +0 club.
You closely miss the gnoll. You closely miss the gnoll shaman.
You block the gnoll's attack. The gnoll barely misses you.
The gnoll hits you but does no damage. The gnoll closely misses you.
The gnoll shaman hits you but does no damage.
You closely miss the gnoll. You slash the gnoll shaman!
The gnoll closely misses you.
The gnoll hits you from afar with a +0 halberd.
You block the gnoll's attack.
The gnoll shaman hits you with a +0 club!
The gnoll hits you from afar with a +0 halberd!
You block the gnoll's attack.
You slash the gnoll shaman!
You kill the gnoll shaman!
Beogh accepts your kill.
Beogh appreciates your killing of a heretic priest.
You barely miss the gnoll. You block the gnoll's attack. x2
The gnoll hits you from afar with a +0 halberd.
* * * LOW HITPOINT WARNING * * *
The gnoll hits you from afar with a +0 halberd!
You die...

+......# #......# #......
##+#####..... ............#
.........gg.# ..........g.#
........@g.# +#.......##
#.......# ......#.......#
.....(#.......#
.....#.......#
....#.......# ########
#####..#.......#####......#
#..##..#####.......#......#


You could see 4 gnolls.

Vanquished Creatures
  A gnoll shaman (D:4)
  An orc wizard (D:3)
  A hound zombie (D:3)
  A gnoll (D:3)
  2 worms
  A dart slug (D:4)
  14 orcs
  4 ball pythons
  8 endoplasms
  A giant cockroach (D:1)
  6 goblins
  4 hobgoblins
  3 jackals (D:1)
  7 kobolds
  A quokka (D:1)
  8 bats
  3 frilled lizards
  7 rats
73 creatures vanquished.

Vanquished Creatures (others)
  An orc priest (D:3)
  An adder (D:3)
  2 gnolls (D:3)
  An orc (D:3)
  A kobold (D:3)
  A rat (D:3)
7 creatures vanquished.

Grand Total: 80 creatures vanquished

Notes
Turn   | Place    | Note
-------+----------+-------------------------------------------
     0 | D:1      | inqbanana the Hill Orc Fighter began the quest for the Orb.
     0 | D:1      | Reached XP level 1. HP: 19/19 MP: 1/1
   168 | D:1      | Reached XP level 2. HP: 27/27 MP: 2/2
   589 | D:1      | Reached XP level 3. HP: 33/33 MP: 3/3
  1665 | D:2      | You fall into a shaft and drop 1 floor!
  2037 | D:2      | Found a sacrificial altar of Ru.
  2064 | D:3      | Became a worshipper of Beogh the Brigand
  2394 | D:3      | Reached skill level 1 in Dodging
  2394 | D:3      | Reached XP level 4. HP: 38/40 MP: 4/4
  2791 | D:3      | Reached skill level 1 in Invocations
  2791 | D:3      | Reached XP level 5. HP: 24/46 MP: 5/5
  2811 | D:3      | Reached * piety under Beogh
  3433 | D:4      | Slain by a gnoll

Illustrated notes

Levels and vault maps discovered:
D:1:      roderic_chinese_lattice_arrival, layout_loops_ring,
          amcnicky_mini_rare_corridor_liquid, hex_tiny
D:2:      layout_basic, nicolae_ru_path_of_blood
D:3:      layout_rooms, grunt_ministairs_3, minmay_misc_feat_four_crosses,
          hangedman_decor_clover_reticule, kennysheep_cluttered_room
D:4:      layout_gridville, grunt_temple_overflow_open, tgw_sif

Skill      XL: |  1  2  3  4 |
---------------+-------------+-----
Axes           | 3 4 |  4.5
Fighting       | 4 |  4.2
Dodging        | 1 |  1.2
Invocations    | 1 |  1.5
Armour         | |  3.9
Shields        | |  3.9

Action                   |  1- 3 |  4- 6 || total
-------------------------+-------+-------++-------
Melee: War axe           |   146 |    24 ||   170
       Hand axe          |       |    36 ||    36
Invok: Convert to Beogh  |     1 |       ||     1
  Use: Potion            |       |    10 ||    10
       Scroll            |       |     3 ||     3
Armor: Scale mail        |    95 |    45 ||   140
Dodge: Dodged            |    66 |    30 ||    96
Block: Kite shield       |   100 |    44 ||   144

Table legend: (Time is in decaauts)
 A = Elapsed time spent in this place.
 B = Non-inter-level travel time spent in this place.
 C = Inter-level travel time spent in this place.
 D = Time resting spent in this place.
 E = Time spent auto-exploring this place.
 F = Levels seen in this place.
 G = Mean time per level.
                   A        B        C        D        E       F      G
               +--------+--------+--------+--------+--------+-----+--------+
         Total |   3537 |   3451 |     86 |    486 |   2369 |   4 |  884.2 |
       Dungeon |   3537 |   3451 |     86 |    486 |   2369 |   4 |  884.2 |
               +--------+--------+--------+--------+--------+-----+--------+

Top non-repeatable levels by time:
     D:1: 1256 daAuts
     D:3: 1167 daAuts
     D:2: 861 daAuts
     D:4: 252 daAuts
